 Dungeon Crawl Stone Soup version 0.31-a0-1098-g6898e6545c (webtiles) character file.

Game seed: 7753190112723371057

5545 Gumption the Skirmisher (level 11, -3/69 HPs)
             Began as a Kobold Brigand on Nov 30, 2023.
             Was a Priest of Dithmenos.
             Slain by a shadow (22 damage)
             ... on level 9 of the Dungeon.
             The game lasted 01:30:31 (10340 turns).

Gumption the Skirmisher (Kobold Brigand)           Turns: 10340, Time: 01:30:32

Health: -3/69      AC:  9    Str: 18    XL:     11   Next: 2%
Magic:  0/11       EV: 22    Int: 12    God:    Dithmenos [***...]
Gold:   531        SH:  8    Dex: 18    Spells: 10/10 levels left

rFire   + . .        w - +3 dagger
rCold   . . .        D - +2 buckler
rNeg    . . .        Q - +2 ring mail {rF+}
rPois   .            r - +0 helmet
rElec   .            s - +0 cloak
rCorr   .            (no gloves)
SInv    .            (no boots)
Will    .....        y - amulet of guardian spirit
Stlth   ++++++       h - +6 ring of strength
HPRegen 0.31/turn    t - +5 ring of evasion
MPRegen 0.12/turn

%: guardian spirit
@: wreathed by umbra
A: small, no large weapons, nightstalker 3
a: Renounce Religion, Shadow Step


You were on level 9 of the Dungeon.
You worshipped Dithmenos.
Dithmenos was most pleased with you.
You visited 2 branches of the dungeon, and saw 10 of its levels.

You collected 531 gold pieces.

Inventory:

Hand Weapons
 a - a +1 dagger of venom
 b - a +0 sling
 w - a +3 dagger (weapon)
 P - a +0 dagger of draining
Missiles
 d - 26 poisoned darts (quivered)
 v - a curare-tipped dart
 C - 2 atropa-tipped darts
Armour
 r - a +0 helmet (worn)
 s - a +0 cloak (worn)
 D - a +2 buckler (worn)
 Q - a +2 ring mail of fire resistance (worn)
Jewellery
 c - a +6 ring of intelligence
 e - an amulet of magic regeneration
 h - a +6 ring of strength (left hand)
 t - a +5 ring of evasion (right hand)
 x - an amulet of reflection
 y - an amulet of guardian spirit (around neck)
 J - a ring of magical power
 L - an amulet of regeneration
Wands
 n - a wand of flame (40)
 A - a wand of polymorph (4)
 E - a wand of paralysis (8)
 F - a wand of iceblast (5)
 H - a wand of digging (3)
 O - a wand of light (1)
Scrolls
 i - 2 scrolls of identify
 o - 2 scrolls of teleportation
 p - a scroll of revelation
 z - 2 scrolls of fog
 I - a scroll of immolation
 K - a scroll of enchant weapon
Potions
 f - a potion of cancellation
 g - a potion of invisibility
 j - 4 potions of curing
 k - 2 potions of lignification
 l - 2 potions of might
 m - a potion of ambrosia
 q - a potion of haste
 u - 3 potions of heal wounds
 M - a potion of mutation


   Skills:
 - Level 8.3 Fighting
 - Level 10.0 Short Blades
 + Level 10.5 Ranged Weapons
 - Level 2.1 Throwing
 + Level 7.8 Dodging
 - Level 8.0 Stealth
 * Level 5.6 Shields


You had 10 spell levels left.
You didn't know any spells.
Your spell library contained the following spells:

 Spells                   Type           Power      Damage    Failure   Level
 Apportation              Tloc           0%         N/A       58%         1
 Necrotise                Necr           0%         1d4       58%         1
 Summon Small Mammal      Summ           0%         N/A       58%         1
 Jinxbite                 Hex            0%         N/A       75%         2
 Static Discharge         Conj/Air       0%         3-3/arc   75%         2
 Call Canine Familiar     Summ           0%         N/A       92%         3
 Summon Guardian Golem    Hex/Summ       0%         N/A       92%         3
 Vampiric Draining        Necr           0%         2d6       92%         3
 Volatile Blastmotes      Fire/Tloc      0%         2d10      92%         3
 Airstrike                Air            0%         2d(0-16)  100%        4
 Fulminant Prism          Conj/Hex       0%         3d5       100%        4
 Iskenderun's Mystic Bla  Conj/Tloc      0%         2d3       100%        4
 Summon Lightning Spire   Summ/Air       0%         N/A       100%        4
 Agony                    Necr           0%         N/A       100%        5
 Alistair's Intoxication  Tmut/Pois      0%         N/A       100%        5


Dungeon Overview and Level Annotations

Branches:
Dungeon (9/15)             Temple (1/1) D:7            Lair (0/5) D:9
    Orc: D:9-12

Altars:
Ashenzari
Cheibriados
Dithmenos
Elyvilon
Fedhas
Hepliaklqana
Kikubaaqudgha
Makhleb
Nemelex Xobeh
Okawaru
Qazlal
Ru
Sif Muna
Trog
Uskayaw
Vehumet
Wu Jian
Xom
Yredelemnul
Zin

Annotations:
D:3 2 transporters, Pascal76's ghost, amateur MiFi


Innate Abilities, Weirdness & Mutations

You are small and have problems with some larger weapons.
You are completely attuned to the shadows.


Message History

You barely miss the wight.
The wight is severely damaged.
You block the wight's attack.
You hit the wight.
The wight is almost destroyed.
You hit the wight but do no damage.
The wight is almost destroyed.
You block the wight's attack.
You hit the wight.
You destroy the wight!
Dithmenos accepts your kill.
You closely miss something.
The shadow strikes at you from the darkness!
* * * LOW HITPOINT WARNING * * *
Reactivating autopickup.
You closely miss the shadow. You hit the shadow.
The shadow is lightly damaged.
The shadow slips into darkness.
The shadow flickers and vanishes!
Deactivating autopickup; reactivate with Ctrl-A.
You hit something but do no damage. You closely miss something.
The shadow strikes at you from the darkness!
* * * LOW HITPOINT WARNING * * *
Reactivating autopickup.
You closely miss the shadow.
The shadow is lightly damaged.
You hit the shadow but do no damage.
The shadow is lightly damaged.
The shadow slips into darkness.
The shadow flickers and vanishes!
Deactivating autopickup; reactivate with Ctrl-A.
You hit something but do no damage. You hit something.
The shadow strikes at you from the darkness!
You closely miss something. You miss something.
The shadow strikes at you from the darkness!
You die...

##..# #..# ##†# ##.# #.# #)#
### #.# ##'###### #..
####'## #.......###..
#.....# #.......#.'..
#.....# #.......'.#..
#.....#########.......###..
#.....'..{@...'.......# #..
#.....#########.......# #..
###'### #.......# #.. #..#
#.......# #.. ##''##
####...## #.. ##....##
#####..### #.. ##......#
#........# #..
#...?....#####........####..
#....≈...#...'........'.##..


There were no monsters in sight!

Vanquished Creatures
  2 two-headed ogres (D:9)
  Jeremiah (D:7)
  A slime creature (D:8)
  A wyvern (D:9)
  A vampire mosquito (D:8)
  3 steam dragons
  An acid dragon (D:7)
  2 water moccasins
  2 orc warriors (D:8)
  A sky beast (D:6)
  A black bear (D:7)
  2 ice beasts
  An ogre (D:4)
  A centaur (D:6)
  2 kobold brigands
  Blork the orc (D:6)
  4 bullfrogs
  A gnoll sergeant (D:9)
  3 scorpions
  4 wights
  5 killer bees
  2 electric eels (D:7)
  A howler monkey (D:8)
  2 jellies
  Crazy Yiuf (D:3)
  2 gnoll boudas
  5 orc priests
  2 hounds
  3 sleepcaps
  3 iguanas
  7 orc wizards
  11 adders
  9 gnolls (D:9)
  2 white imps (D:5)
  4 ufetubi
  A worm (D:2)
  6 dart slugs
  22 orcs
  8 ball pythons
  4 bats
  3 endoplasms
  3 giant cockroaches
  10 goblins
  8 hobgoblins
  18 kobolds
  2 quokkas
  2 frilled lizards
  7 rats
188 creatures vanquished.

Vanquished Creatures (others)
  5 dream sheep (D:9)
  A shadow imp (D:7)
6 creatures vanquished.

Grand Total: 194 creatures vanquished

Notes
Turn   | Place    | Note
-------+----------+-------------------------------------------
     0 | D:1      | Gumption the Kobold Brigand began the quest for the Orb.
     0 | D:1      | Reached XP level 1. HP: 12/12 MP: 1/1
   249 | D:1      | Reached XP level 2. HP: 17/17 MP: 2/2
   560 | D:1      | Reached XP level 3. HP: 21/21 MP: 3/3
   904 | D:2      | Reached XP level 4. HP: 34/34 MP: 4/4
  1585 | D:3      | Found a transporter.
  1586 | D:3      | Noticed Pascal76's ghost (amateur MiFi)
  1587 | D:3      | Noticed a wight
  1611 | D:3      | Reached XP level 5. HP: 38/38 MP: 5/5
  1617 | D:3      | Found a transporter.
  1702 | D:3      | Found a shadowy altar of Dithmenos.
  1705 | D:3      | Became a worshipper of Dithmenos the Shadowed
  1977 | D:3      | Found a faded altar of an unknown god.
  2051 | D:3      | Found a hide-covered altar of Uskayaw.
  2051 | D:3      | Found a burning altar of Makhleb.
  2085 | D:3      | Found a shimmering blue altar of Sif Muna.
  2376 | D:3      | Found a runed translucent door.
  2379 | D:3      | Noticed Crazy Yiuf
  2384 | D:3      | Killed Crazy Yiuf
  2557 | D:4      | Noticed an ogre
  2782 | D:4      | Reached XP level 6. HP: 35/44 MP: 6/6
  3267 | D:4      | Reached * piety under Dithmenos
  3567 | D:4      | Killed an ogre
  3568 | D:4      | Reached XP level 7. HP: 48/48 MP: 7/7
  3686 | D:5      | Entered Level 5 of the Dungeon
  3953 | D:5      | Found an ancient bone altar of Kikubaaqudgha.
  4336 | D:5      | Reached skill level 10 in Short Blades
  4369 | D:4      | Reached XP level 8. HP: 26/53 MP: 5/8
  4637 | D:5      | Found a bloodstained altar of Trog.
  5094 | D:6      | Noticed Blork the orc
  5124 | D:6      | Killed Blork the orc
  5583 | D:6      | Reached skill level 5 in Dodging
  5583 | D:6      | Reached XP level 9. HP: 38/57 MP: 7/9
  5691 | D:6      | Found a hazy altar of Hepliaklqana.
  6209 | D:7      | Reached ** piety under Dithmenos
  6391 | D:7      | Reached skill level 1 in Shields
  6939 | D:7      | Found a staircase to the Ecumenical Temple.
  6947 | Temple   | Entered the Ecumenical Temple
  7698 | D:7      | Found an iron altar of Okawaru.
  7698 | D:7      | Found a white marble altar of Elyvilon.
  7699 | D:7      | Noticed Jeremiah
  7800 | D:7      | Killed Jeremiah
  8220 | D:7      | Reached XP level 10. HP: 32/61 MP: 5/10
  8928 | D:8      | Reached *** piety under Dithmenos
  9100 | D:8      | Noticed a brown ugly thing
  9146 | D:8      | Found a glowing silver altar of Zin.
  9509 | D:9      | Noticed a two-headed ogre
  9513 | D:9      | Killed a two-headed ogre
  9514 | D:9      | Reached skill level 10 in Ranged Weapons
  9611 | D:9      | Noticed a two-headed ogre
  9614 | D:9      | Killed a two-headed ogre
  9615 | D:9      | Reached skill level 5 in Shields
  9644 | D:9      | Found a shimmering altar of Xom.
 10070 | D:9      | Found a staircase to the Lair.
 10241 | D:9      | Reached XP level 11. HP: 64/69 MP: 9/11
 10340 | D:9      | Slain by a shadow

Illustrated notes

Levels and vault maps discovered:
D:1:      dpeg_arrival_round_c, layout_loops_ring
D:2:      layout_basic
D:3:      layout_loops_ring, chequers_temple_overflow_statue_of_worship,
          grunt_dithmenos_smoke_and_mirrors, hellmonk_sif_muna_bookshelves,
          hellmonk_ecumenical_altar_crossroads, gammafunk_ghost_mausoleum,
          uniq_crazy_yiuf_cottage
D:4:      layout_rooms
D:5:      layout_cave_pods, trog_butcher_becter, old_standard_altar
D:6:      layout_cave_pools, mainiacjoe_overflow_alcove_4, uniq_blork_the_orc
D:7:      layout_loops_ring, nicolae_overflow_squiral,
          minmay_temple_entry_butterflies, uniq_jeremiah, uniq_pikel
D:8:      minmay_cornered_nines, layout_loops_ring, mainiacjoe_overflow_paths,
          kennysheep_windowed_goal
D:9:      layout_roguey, kb_xom_exploding_sheep, lemuel_doored_altar, tso_altar,
          kennysheep_generic_room_3
Temple:   jpeg_temple_island

Skill      XL: |  1  2  3  4  5  6  7  8  9 10 |
---------------+-------------------------------+-----
Short Blades   | 3 8 9 10 | 10.0
Dodging        | 2 3 4 5 6 7 |  7.8
Fighting       | 7 8 |  8.3
Ranged Weapons | 7 8 9 10 | 10.5
Stealth        | 6 7 8 |  8.0
Shields        | 3 5 |  5.6
Throwing       | |  2.1

Action                     |  1- 3 |  4- 6 |  7- 9 | 10-12 || total
---------------------------+-------+-------+-------+-------++-------
  Melee: Dagger            |    22 |   145 |   568 |   267 ||  1002
         Punch             |       |     2 |     6 |       ||     8
   Fire: Sling             |    29 |    68 |    66 |       ||   163
  Throw: Dart              |       |    10 |    17 |       ||    27
  Evoke: Wand              |       |       |     1 |       ||     1
    Use: Scroll            |     3 |     3 |     9 |     4 ||    19
         Potion            |     1 |       |     1 |     1 ||     3
   Stab: Sleeping          |     3 |     2 |     5 |    14 ||    24
         Distracted        |       |       |       |     2 ||     2
 Armour: Robe              |    12 |     8 |       |       ||    20
         Scale mail        |       |    15 |   138 |     6 ||   159
         Skin              |       |       |    15 |       ||    15
         Steam dragon scal |       |       |       |    14 ||    14
         Ring mail         |       |       |       |    10 ||    10
  Dodge: Dodged            |    23 |    62 |   347 |   114 ||   546
  Block: Other             |       |     1 |     2 |       ||     3
         Buckler           |       |       |    32 |    58 ||    90

Table legend: (Time is in decaauts)
 A = Elapsed time spent in this place.
 B = Non-inter-level travel time spent in this place.
 C = Inter-level travel time spent in this place.
 D = Time resting spent in this place.
 E = Time spent auto-exploring this place.
 F = Levels seen in this place.
 G = Mean time per level.
                   A        B        C        D        E       F      G
               +--------+--------+--------+--------+--------+-----+--------+
         Total |   9850 |   9613 |    237 |   1253 |   3436 |  10 |  985.0 |
       Dungeon |   9835 |   9598 |    237 |   1253 |   3436 |   9 | 1092.8 |
        Temple |     14 |     14 |      0 |      0 |      0 |   1 |   14.0 |
               +--------+--------+--------+--------+--------+-----+--------+

Top non-repeatable levels by time:
     D:7: 2057 daAuts
     D:8: 1251 daAuts
     D:4: 1181 daAuts
     D:5: 1154 daAuts
     D:3: 1022 daAuts
     D:6: 856 daAuts
     D:1: 851 daAuts
     D:9: 759 daAuts
     D:2: 699 daAuts
  Temple: 14 daAuts
